 Dungeon Crawl Stone Soup version 0.18-a0-312-g61bb5a5 (webtiles) character file.

54 R18 the Stinger (level 4, -9/30 HPs)
             Began as a Formicid Venom Mage on Nov 27, 2015.
             Mangled by Natasha (10 damage)
             ... on level 2 of the Dungeon.
             The game lasted 00:06:03 (1068 turns).

R18 the Stinger (Formicid Venom Mage)               Turns: 1068, Time: 00:06:07

Health: -9/30      AC:  2    Str: 13    XL:     4   Next: 12%
Magic:  0/9        EV: 17    Int: 15    God:
Gold:   44         SH:  0    Dex: 16    Spells: 3 memorised, 4 levels left

rFire  . . .     SeeInvis +     l - +0 whip
rCold  . . .     Clarity  .     a - +0 robe
rNeg   . . .     SustAt   .     (no shield)
rPois  .         Gourm    .     (helmet unavailable)
rElec  .         Spirit   .     (no cloak)
rCorr  .         Warding  .     (no gloves)
rMut   .         Stasis   +     (no boots)
MR     .....                    (no amulet)
Stlth  +++.......               (no ring)
                                m - ring of see invisible

@: agile, lethally poisoned (-9 -> -15), flying, not resistant to hostile
enchantments, fairly stealthy
A: permanent stasis, dig shafts and tunnels, four strong arms, antennae 3
a: Dig, Shaft Self


You were on level 2 of the Dungeon.
You were not hungry.

You visited 1 branch of the dungeon, and saw 2 of its levels.

You collected 44 gold pieces.

Inventory:

Hand Weapons
 d - a +0 dagger
 e - a +0 short sword
 l - a +0 whip (weapon)
Armour
 a - a +0 robe (worn)
 i - a +2 chain mail of fire resistance
Jewellery
 m - a ring of see invisible (left hand)
Potions
 f - a potion of cancellation
Books
 b - a Young Poisoner's Handbook

   Spells                             Type                      Level
   a - Sting                          Conjuration/Poison           1
   b - Cure Poison                    Poison                       2
   c - Mephitic Cloud                 Conjuration/Poison/Air       3
   d - Olgreb's Toxic Radiance        Poison                       4
   e - Venom Bolt                     Conjuration/Poison           5
Comestibles
 c - 3 bread rations
 j - a meat ration
 n - a slice of pizza


   Skills:
 - Level 1.7 Dodging
 - Level 2.4 Stealth
 * Level 3.7 Spellcasting
 + Level 5.8 Poison Magic


You had 4 spell levels left.
You knew the following spells:

 Your Spells              Type           Power        Failure   Level  Hunger
a - Sting                 Conj/Pois      ##..         8%          1    None
b - Cure Poison           Pois           ###.......   2%          2    ##.....
c - Mephitic Cloud        Conj/Pois/Air  #.......     30%         3    ###....


Dungeon Overview and Level Annotations

Branches:
Dungeon (2/15)

Altars:
The Shining One

Annotations:
D:2 Ijyb, Natasha


Innate Abilities, Weirdness & Mutations

You are under a permanent stasis effect.
You can dig through walls and to a lower floor.
Your four strong arms can wield two-handed weapons with a shield.
You have a pair of large antennae on your head (SInv).


Message History

Natasha claws you but does no damage. The adder bites you.
* * * LOW HITPOINT WARNING * * *
Natasha mumbles some strange words.
Natasha shimmers violently.
Natasha barely misses you.
Casting: Mephitic Cloud
Confirm with . or Enter, or press ? or * to list all spells.
Aiming: Sting
Press: ? - help, Shift-Dir - straight line, f - adder, p - Natasha
Aim: an adder (lightly wounded)
The sting hits the adder.
The adder appears unharmed.
The adder is lightly wounded.
The adder misses you. Natasha misses you.
You barely miss the adder.
The adder is lightly wounded.
The adder misses you. The adder bites you.
* * * LOW HITPOINT WARNING * * *
You are lethally poisoned!
The adder poisons you! Natasha claws you!
You die...

.##........#.##
# ###.
#..._....#..#
#..
##....#####.#
#.####..#..#
#.#
#.##...##.##
#.# .....###..#
#g# ÷<†### #.##
#5# ....# #.
#h# ..#......
#@# ..#####.#
#S# ..# #. #.#
..# #.# ### ...
#.. { ..# #..


You could see Ijyb, Natasha, an adder and a white imp.

Vanquished Creatures
  An adder (D:2)
  An ooze (D:1)
  A ball python (D:1)
  3 giant cockroaches
  4 goblins
  3 hobgoblins (D:1)
  4 bats
  3 giant newts (D:1)
  7 jackals (D:1)
  6 kobolds (D:1)
  6 rats
39 creatures vanquished.

Notes
Turn   | Place    | Note
--------------------------------------------------------------
     0 | D:1      | R18 the Formicid Venom Mage began the quest for the Orb.
     0 | D:1      | Reached XP level 1. HP: 13/13 MP: 3/3
   111 | D:1      | Reached XP level 2. HP: 11/19 MP: 0/5
   266 | D:1      | Learned a level 2 spell: Cure Poison
   456 | D:1      | Reached XP level 3. HP: 17/24 MP: 4/7
   722 | D:1      | Learned a level 3 spell: Mephitic Cloud
   918 | D:2      | Found a glowing golden altar of the Shining One.
   931 | D:2      | Reached XP level 4. HP: 27/30 MP: 0/9
  1034 | D:2      | Noticed Ijyb
  1045 | D:2      | Noticed Natasha
  1068 | D:2      | HP: 1/30 [adder (2)]
  1068 | D:2      | Mangled by Natasha

Vault maps used:
D:1:      minmay_arrival_glassed_features
D:2:      grunt_qazlal_clouds, overflow_temple_1_default, hangedman_ru_absence,
          uniq_iyjb, uniq_natasha

Action                   |  1- 3 |  4- 6 || total
-------------------------+-------+-------++-------
Melee: Short sword       |    44 |       ||    44
       Whip              |    10 |     2 ||    12
 Cast: Sting             |    70 |     6 ||    76
       Mephitic Cloud    |       |     2 ||     2
  Use: Potion            |     1 |     4 ||     5
  Eat: Chunk             |       |     1 ||     1
